 Dungeon Crawl Stone Soup version 0.24.0-13-gcf9b319 (webtiles) character file.

Game seed: 14902332893165625440, levelgen mode: deterministic

237 Balder the Chopper (level 6, -3/52 HPs)
             Began as a Hill Orc Fighter on May 18, 2020.
             Slain by an iguana (11 damage)
             ... on level 5 of the Dungeon.
             The game lasted 00:11:46 (4222 turns).

Balder the Chopper (Hill Orc Fighter)               Turns: 4222, Time: 00:11:47

Health: -3/52      AC:  9    Str: 19    XL:     6   Next: 6%
Magic:  6/6        EV:  5    Int:  8    God:
Gold:   298        SH: 10    Dex: 12    Spells: 5/5 levels left

rFire    . . .     SeeInvis .   a - +0 war axe
rCold    . . .     Gourm    .   c - +1 shield
rNeg     . . .     Faith    .   m - +0 chain mail
rPois    .         Spirit   .   (no helmet)
rElec    .         Reflect  .   (no cloak)
rCorr    .         Harm     .   (no gloves)
MR       .....                  (no boots)
Stlth    ..........             (no amulet)
HPRegen  0.17/turn              (no ring)
MPRegen  0.10/turn              (no ring)

@: lethally poisoned (-3 -> -4), flying
A: no striking features
a: no special abilities


You were on level 5 of the Dungeon.
You were hungry.

You visited 1 branch of the dungeon, and saw 5 of its levels.

You collected 298 gold pieces.

Inventory:

Hand Weapons
 a - a +0 war axe (weapon)
 q - a +1 morningstar
Missiles
 k - a throwing net (quivered)
 t - 22 bolts
Armour
 c - a +1 shield (worn)
 m - a +0 chain mail (worn)
Scrolls
 e - a scroll of random uselessness {unknown}
 g - a scroll of enchant armour
 j - 2 scrolls of blinking {unknown}
 p - a scroll of identify {unknown}
 r - a scroll of magic mapping {unknown}
 s - a scroll of remove curse {unknown}
Potions
 h - a potion of magic {unknown}
 i - a potion of cancellation {unknown}
 l - a potion of mutation {unknown}
 n - a potion of degeneration {unknown}
 o - a potion of flight
Comestibles
 f - 8 rations


   Skills:
 * Level 4.2 Fighting
 * Level 4.9(5.1) Axes
 * Level 1.3(2.9) Maces & Flails
 * Level 1.6 Throwing
 * Level 4.1 Armour
 + Level 0.3 Dodging
 * Level 1.3 Stealth
 * Level 3.8 Shields


You had 5 spell levels left.
You didn't know any spells.
Your spell library was empty.

Dungeon Overview and Level Annotations

Branches:
Dungeon (5/15)
 Temple: D:4-7

Altars:
Nemelex Xobeh

Shops:
D:4 ?


Message History

The iguana bites you!
Your chain mail prevents you from hitting the iguana.
The iguana is severely wounded.
You feel sick. The iguana bites you! You block the iguana's attack.
You hit the iguana but do no damage.
The iguana is severely wounded.
You block the iguana's attack.
You hit the iguana but do no damage.
The iguana is severely wounded.
The iguana bites you but does no damage.
Your shield prevents you from hitting the iguana.
The iguana is severely wounded.
You feel sick. The iguana bites you.
* * * LOW HITPOINT WARNING * * *
The iguana bites you!
* * * LOW HITPOINT WARNING * * *
It was a potion of flight.
You feel very buoyant.
You fly up into the air.
The iguana bites you!
You die...

# ##+# ####. ##...#
#... #.....# ##.#
.......## ##..# #
........####...##.#
........l@........#
........####...####
.......##
##..####.# #.....#
##......# ##...#
#.###### ##+# #.#
#.##########.#
#.##.........#
##.##.#########


You could see an iguana.

Vanquished Creatures
  A bullfrog skeleton (D:4)
  2 orc wizards (D:4)
  2 worker ants
  4 adders
  A worm (D:4)
  A dart slug (D:1)
  4 leopard geckos
  9 orcs
  2 giant cockroaches
  3 goblins
  7 hobgoblins
  12 kobolds
  A quokka (D:2)
  3 bats
  4 frilled lizards
  2 rats (D:2)
58 creatures vanquished.

Notes
Turn   | Place    | Note
-------+----------+-------------------------------------------
     0 | D:1      | Balder the Hill Orc Fighter began the quest for the Orb.
     0 | D:1      | Reached XP level 1. HP: 19/19 MP: 1/1
   279 | D:1      | Reached XP level 2. HP: 25/27 MP: 2/2
   897 | D:2      | Reached XP level 3. HP: 24/33 MP: 3/3
  1206 | D:2      | Reached XP level 4. HP: 34/40 MP: 4/4
  1231 | D:2      | Reached skill level 1 in Stealth
  2715 | D:4      | Found a sparkling altar of Nemelex Xobeh.
  2763 | D:4      | Reached XP level 5. HP: 25/46 MP: 5/5
  3319 | D:4      | Reached skill level 1 in Maces & Flails
  3961 | D:4      | Found Cagrin's Magic Scroll Emporium.
  4030 | D:4      | Reached skill level 1 in Throwing
  4157 | D:5      | Entered Level 5 of the Dungeon
  4209 | D:5      | Reached XP level 6. HP: 44/52 MP: 6/6
  4222 | D:5      | Slain by an iguana

Levels and vault maps discovered:
D:1:      wheals_arrival_shading, layout_basic
D:2:      layout_loops_ring, first_ration
D:3:      layout_basic
D:4:      cheibrodos_pilgrimage, layout_layer_cave,
          nicolae_overflow_crystal_walls, serial_shops, shop
D:5:      layout_loops_corners, minmay_temple_entry_statues, enter_ossuary_5,
          uniq_ijyb

Skill      XL: |  1  2  3  4  5 |
---------------+----------------+-----
Axes           | 3 4 |  4.9
Fighting       | 4 |  4.2
Stealth        | 1 |  1.3
Armour         | 4 |  4.1
Maces & Flails | 1 |  1.3
Throwing       | 1 |  1.6
Dodging        | |  0.3
Shields        | |  3.8

Action                   |  1- 3 |  4- 6 || total
-------------------------+-------+-------++-------
Melee: War axe           |   118 |   156 ||   274
Throw: Throwing net      |       |     3 ||     3
  Use: Potion            |       |     2 ||     2
       Scroll            |       |     2 ||     2
  Eat: Chunk             |     1 |     9 ||    10
Armor: Scale mail        |    57 |     7 ||    64
       Chain mail        |       |    91 ||    91
Dodge: Dodged            |    27 |    23 ||    50
Block: Shield            |    68 |    68 ||   136
